 Dungeon Crawl Stone Soup version 0.23.1 (webtiles) character file.

Game seed: 18021352397654894748

170 Yunesin the Chopper (level 5, -3/37 HPs)
             Began as an Octopode Berserker on Mar 14, 2019.
             Was a Believer of Trog.
             Slain by a goblin (5 damage)
             ... led by Robin
             ... while paralysed
             ... on level 2 of the Dungeon.
             The game lasted 00:04:37 (1647 turns).

Yunesin the Chopper (Octopode Berserker)            Turns: 1647, Time: 00:04:38

Health: -3/37      AC:  1    Str: 17    XL:     5   Next: 51%
Magic:  5/5        EV:  2    Int:  9    God:    Trog [**....]
Gold:   85         SH:  0    Dex: 12    Spells: 4/4 levels left

rFire    . . .     SeeInvis .   a - +0 hand axe
rCold    . . .     Gourm    .   (no shield)
rNeg     . . .     Faith    .   (helmet restricted)
rPois    .         Spirit   .   (no amulet)
rElec    .         Reflect  .   (no ring)
rCorr    .         Harm     .   (no ring)
MR       .....                  (no ring)
Stlth    ++........             (no ring)
HPRegen  0.12/turn              (no ring)
MPRegen  0.09/turn              (no ring)
                                (no ring)
                                (no ring)

@: paralysed, berserk cooldown, slowed
A: almost no armour, stealthy swim, amphibious, 8 rings, constrict 8, camouflage
1, gelatinous body 1
a: Berserk, Trog's Hand, Renounce Religion


You were on level 2 of the Dungeon.
You worshipped Trog.
Trog was pleased with you.
You were hungry.

You visited 1 branch of the dungeon, and saw 2 of its levels.

You collected 85 gold pieces.

Inventory:

Hand Weapons
 a - a +0 hand axe (weapon)
Scrolls
 c - 2 scrolls of teleportation {unknown}
 e - a scroll of fog {unknown}
 i - 2 scrolls of identify {unknown}
 j - a scroll of remove curse {unknown}
Potions
 d - a potion of curing {unknown}
 g - a potion of might {unknown}
 h - a potion of lignification {unknown}
 k - a potion of agility {unknown}
Comestibles
 b - 4 rations
 f - 10 chunks of flesh


   Skills:
 + Level 3.7 Fighting
 * Level 4.5 Axes
 * Level 4.3 Dodging
 - Level 0.1 Stealth


You had 4 spell levels left.
You didn't know any spells.
Your spell library was empty.

Dungeon Overview and Level Annotations

Branches:
Dungeon (2/15)

Altars:
Yredelemnul


Innate Abilities, Weirdness & Mutations

You cannot wear most types of armour.
You are very stealthy in the water. (Stealth+)
You are amphibious.
You can wear up to eight rings at the same time.
You can use your tentacles to constrict eight enemies at once.
Your skin changes colour to match your surroundings (Stealth+).
Your rubbery body absorbs attacks. (AC +1, EV +1)


Message History

The goblin goes into a battle-frenzy!
You hear a shout!
You feel a strong urge to attack something.
A goblin comes into view.
The goblin shouts!
Items here: )) ÷ † a +0 club; a +0 dagger; a goblin corpse; a ball python skeleton You slash Robin!
Your grab misses Robin.
Robin is severely wounded.
You slash Robin!
You kill Robin!
Trog accepts your kill.
You are no longer berserk.
You pass out from exhaustion.
You feel yourself slow down. The goblin hits you.
* * * LOW HITPOINT WARNING * * *
The goblin hits you.
* * * LOW HITPOINT WARNING * * *
The goblin hits you.
You die...

..................#
..####....#...##..#
### #....#...# #.#
######....##..###.#
#(.......###......#
#....#...# ##.....#
#....#...# ###...#
#...##..## ####)#
#.####..# ####.g@.#
.......####....g..#
......###.........#
....####..........#
.#### #.†####†###.#
..# ## ##..##...#
#.#. ..####g ###
#..g#....# #.#.
.....g. ..##
#..g#....# #.#.
.....#
...###........#
#.###.....#


You could see 2 goblins.

Vanquished Creatures
  An ogre (D:2)
  Robin (D:2)
  An adder (D:2)
  An ooze (D:1)
  A worm (D:2)
  3 dart slugs
  2 ball pythons
  4 giant cockroaches
  9 goblins
  10 hobgoblins
  4 jackals (D:1)
  7 kobolds
  8 bats
  3 rats
55 creatures vanquished.

Notes
Turn   | Place    | Note
-------+----------+-------------------------------------------
     0 | D:1      | Yunesin the Octopode Berserker began the quest for the Orb.
     0 | D:1      | Reached XP level 1. HP: 16/16 MP: 1/1
   233 | D:1      | Reached XP level 2. HP: 8/21 MP: 2/2
   604 | D:1      | Reached XP level 3. HP: 26/26 MP: 3/3
   950 | D:1      | Reached ** piety under Trog
  1272 | D:2      | Found a basalt altar of Yredelemnul.
  1282 | D:2      | Noticed an ogre
  1288 | D:2      | Killed an ogre
  1288 | D:2      | Reached XP level 4. HP: 31/31 MP: 4/4
  1288 | D:2      | Reached XP level 5. HP: 36/36 MP: 5/5
  1596 | D:2      | Noticed Robin
  1644 | D:2      | Killed Robin
  1647 | D:2      | Slain by a goblin

Skill      XL: |  1  2  3 |
---------------+----------+-----
Axes           | 4 |  4.5
Dodging        | 4 |  4.3
Fighting       | |  3.7
Stealth        | |  0.1

Action                   |  1- 3 |  4- 6 || total
-------------------------+-------+-------++-------
Melee: Hand axe          |    51 |    47 ||    98
       Tentacles         |    11 |     9 ||    20
       Constrict         |    11 |    13 ||    24
Invok: Berserk           |     2 |     1 ||     3
 Stab: Sleeping          |     8 |     1 ||     9
       Distracted        |       |     1 ||     1
  Eat: Chunk             |     2 |     2 ||     4
Armor: Skin              |     7 |       ||     7
Dodge: Dodged            |    22 |    25 ||    47
